 Dungeon Crawl Stone Soup version bcrawl-1.39.1 (webtiles) character file.

Game seed: 10908539436537037452

28043402 Galewind the Archmage (level 27, 207/207 HPs)
             Began as an Avariel Conjurer on July 13, 2023.
             Was the Champion of Vehumet.
             Escaped with the Orb
             ... and 15 runes!
             The game lasted 03:03:26 (77127 turns).

Galewind the Archmage (Avariel Conjurer)           Turns: 77127, Time: 03:03:26

Health: 207/207    AC: 28    Str: 14    XL:     27
Magic:  56/65      EV: 51    Int: 39    God:    Vehumet [******]
Gold:   9269       SH: 13    Dex: 29    Spells: 0/80 levels left

rFire    + + +     GDR:     40% G - staff of conjuration
rCold    + + .     SeeInvis +   r - +5 buckler of Zutrygui {rElec Dex+6}
rNeg     + + +     Gourm    .   a - +8 salamander hide armour {+Fog rF++ rC-}
rPois    ∞         Faith    .   W - +2 hat
rElec    +         Spirit   .   M - +1 cloak of Starlight {rElec rC+ EV+4 Stlth--}
rCorr    .         Reflect  .   d - +1 pair of gloves of Dithmenos's Fury {Dex+10 Slay-5}
MR       +++..                  K - +2 pair of boots {run}
Stlth    +.........             N - amulet of Vitality {Regen HP+25}
HPRegen  2.12/turn              T - ring of the Greedy {rF+ MP+9 Str+4}
MPRegen  0.39/turn              q - ring of Vic Futz {rN+ Int+2 SInv}

@: lich-form (expiring), flying quickly and evasively, studying 2 skills,
deflect missiles, quick
A: blink, clever 1, cold resistance 1, shaggy fur 1, strong 2, able to fly
0: Orb of Zot
}: 15/15 runes: decaying, serpentine, slimy, silver, golden, iron, obsidian,
icy, bone, abyssal, demonic, glowing, magical, fiery, dark
a: Stop Flying, End Transformation, Blink, Renounce Religion, Evoke Fog


You escaped.
You worshipped Vehumet.
Vehumet was exalted by your worship.
You were not hungry.
You were a lich.
You visited 18 branches of the dungeon, and saw 61 of its levels.
You visited Pandemonium 1 time, and saw 11 of its levels.
You visited the Abyss 3 times.
You visited 1 bazaar.
You also visited: Trove, Sewer, Gauntlet and Wizlab.

You collected 15085 gold pieces.
You spent 5816 gold pieces at shops.

Inventory:

Hand Weapons
 L - the +7 sceptre of Asmodeus
   (You took it off Asmodeus on level 2 of Gehenna)
Armour
 a - the +8 salamander hide armour (worn) {+Fog rF++ rC-}
   (You bought it in a shop in a bazaar)

   It greatly protects you from fire.
   It makes you vulnerable to cold.
 d - the +1 pair of gloves of Dithmenos's Fury (worn) {Dex+10 Slay-5}
   (You found it in a Gauntlet)

   It affects your dexterity (+10).
   It affects your accuracy and damage with ranged weapons and melee attacks
   (-5).
 r - the +5 buckler of Zutrygui (worn) {rElec Dex+6}
   (You bought it in a shop on level 4 of the Dungeon)

   It affects your dexterity (+6).
   It insulates you from electricity.
 s - the +0 pair of hand wraps "Fists of Thunder" {elec, rElec Slay+2}
   (You found it in a treasure trove)

   It affects your accuracy and damage with ranged weapons and melee attacks
   (+2).
   It insulates you from electricity.
 K - a +2 pair of boots of running (worn)
 M - the +1 cloak of Starlight (worn) {rElec rC+ EV+4 Stlth--}
   (You found it on level 2 of the Tomb of the Ancients)

   It affects your evasion (+4).
   It protects you from cold.
   It insulates you from electricity.
   It makes you much less stealthy.
 W - a +2 hat (worn)
Magical Staves
 G - an uncursed staff of conjuration (weapon)
Jewellery
 q - the ring of Vic Futz (right hand) {rN+ Int+2 SInv}
   (You took it off a deep elf annihilator on level 3 of the Elven Halls)

   [ring of positive energy]

   It affects your intelligence (+2).
   It protects you from negative energy.
   It lets you see invisible.
 A - the amulet "Kipnifao" {Regen rPois Str-2 Int+2 Dex+4}
   (You found it in a treasure trove)

   [amulet of regeneration]

   It affects your strength (-2).
   It affects your intelligence (+2).
   It affects your dexterity (+4).
   It protects you from poison.
 N - the amulet of Vitality (around neck) {Regen HP+25}
   (You took it off a mummy priest on level 4 of the Depths)

   [amulet of regeneration]

   It affects your health (+25).
 P - an uncursed amulet of magic regeneration
 T - the ring of the Greedy (left hand) {rF+ MP+9 Str+4}
   (You found it on level 3 of the Tomb of the Ancients)

   [ring of magical power]

   It affects your strength (+4).
   It protects you from fire.
   It affects your magic capacity (+9).
Wands
 h - a wand of clouds (6)
 D - a wand of acid (14)
 O - a wand of digging (25)
Scrolls
 g - 31 scrolls of remove curse
 k - 5 scrolls of brand weapon
 l - 18 scrolls of teleportation
 n - a scroll of revelation
 t - 8 scrolls of amnesia
 v - 9 scrolls of enchant armour
 x - 9 scrolls of fog
 y - 5 scrolls of enchant weapon
 E - a scroll of noise
 F - 8 scrolls of torment
 H - 7 scrolls of immolation
 I - 7 scrolls of blinking
 J - 2 scrolls of silence
 U - 8 scrolls of fear
 Y - 8 scrolls of vulnerability
 Z - 3 scrolls of summoning
Potions
 b - 15 potions of might
 c - 4 potions of magic
 f - 9 potions of heal wounds
 i - 16 potions of lignification
 j - 9 potions of haste
 m - 21 potions of curing
 o - 7 potions of agility
 p - 7 potions of brilliance
 u - a potion of resistance
 w - 10 potions of invisibility
 z - 8 potions of mutation
 C - 7 potions of flight
 R - 6 potions of cancellation
Miscellaneous
 B - a figurine of a ziggurat {!*}
 X - 6 phantom mirrors
Comestibles
 e - 62 rations {!d}


   Skills:
 - Level 21.2 Fighting
 - Level 5.0 Armour
 - Level 24.0 Dodging
 - Level 5.7 Stealth
 - Level 5.0 Shields
 - Level 0.3 Unarmed Combat
 O Level 27 Spellcasting
 - Level 23.0 Conjurations
 - Level 8.0 Charms
 - Level 8.0 Summonings
 - Level 15.0 Necromancy
 - Level 14.0 Translocations
 - Level 15.0 Transmutations
 - Level 23.0 Fire Magic
 + Level 21.9 Ice Magic
 - Level 13.7 Air Magic
 - Level 19.0 Earth Magic


You couldn't memorise any spells.
You knew the following spells:

 Your Spells              Type           Power        Failure   Level  Hunger
a - Aura of Abjuration    Summ           #######...   4%          6    N/A
b - Bolt of Fire          Conj/Fire      ########..   0%          6    N/A
c - Icicle Burst          Conj/Ice       ########..   1%          7    N/A
d - Bolt of Cold          Conj/Ice       ########..   0%          6    N/A
e - Glaciate              Conj/Ice/Air   ########..   1%          8    N/A
f - Controlled Blink      Tloc           ########     1%          7    N/A
g - Deflect Missiles      Chrm/Air       #######...   1%          6    N/A
h - Ignition              Fire           ########..   1%          8    N/A
i - Shatter               Erth           ########..   9%          9    N/A
j - Fire Storm            Conj/Fire      ########..   1%          9    N/A
k - Necromutation         Tmut/Necr      ########     11%         8    N/A

Your spell library contained the following spells:

 Spells                   Type           Power        Failure   Level  Hunger
 Lehudib's Crystal Spear  Conj/Erth      ########..   1%          8    N/A
 Apportation              Tloc           ######       0%          1    N/A
 Beastly Appendage        Tmut           ######       0%          1    N/A
 Freeze                   Ice            ######       0%          1    N/A
 Magic Dart               Conj           ####         0%          1    N/A
 Necrotize                Necr           ######       0%          1    N/A
 Sandblast                Erth           ######       0%          1    N/A
 Static Discharge         Air            ######       0%          1    N/A
 Sting                    Conj/Pois      ####         0%          1    N/A
 Ensorcelled Hibernation  Hex/Ice        ######       0%          2    N/A
 Flaming Arrows           Chrm/Fire      ########     0%          2    N/A
 Passwall                 Tmut/Erth      ########     0%          2    N/A
 Searing Ray              Conj           ########     0%          2    N/A
 Sticks to Snakes         Tmut           ########     0%          2    N/A
 Swiftness                Chrm/Air       #######.     0%          2    N/A
 Throw Frost              Conj/Ice       ######       0%          2    N/A
 Beckoning                Tloc           ########..   0%          3    N/A
 Conjure Flame            Conj/Fire      ########     0%          3    N/A
 Ignite Poison            Fire/Tmut/Pois ########     0%          3    N/A
 Inner Flame              Hex/Fire       N/A          0%          3    N/A
 Iskenderun's Mystic Bla  Conj           ########     0%          3    N/A
 Mephitic Cloud           Conj/Pois/Air  ########     0%          3    N/A
 Ozocubu's Armour         Chrm/Ice       ########     0%          3    N/A
 Portal Projectile        Tloc           ######       0%          3    N/A
 Stone Arrow              Conj/Erth      ######       0%          3    N/A
 Animate Dead             Necr           N/A          0%          4    N/A
 Ice Form                 Ice/Tmut       ########     0%          4    N/A
 Lightning Bolt           Conj/Air       ########     0%          4    N/A
 Petrify                  Tmut/Erth      ########..   0%          4    N/A
 Sticky Flame             Conj/Fire      ########     0%          4    N/A
 Summon Ice Beast         Ice/Summ       ########     0%          4    N/A
 Throw Icicle             Conj/Ice       ########     0%          4    N/A
 Bolt of Draining         Conj/Necr      #########.   0%          5    N/A
 Bolt of Magma            Conj/Fire/Erth ########..   0%          5    N/A
 Fireball                 Conj/Fire      ########..   0%          5    N/A
 Freezing Cloud           Ice/Air        ########     0%          5    N/A
 Irradiate                Conj/Tmut      ########..   0%          5    N/A
 Iron Shot                Conj/Erth      ########..   0%          6    N/A
 Ozocubu's Refrigeration  Ice            ########..   0%          6    N/A
 Corona                   Hex            ######.      1%          1    N/A
 Infusion                 Chrm           #######.     1%          1    N/A
 Slow                     Hex            ######..     1%          1    N/A
 Summon Butterflies       Summ           #######.     1%          1    N/A
 Summon Small Mammal      Summ           ####         1%          1    N/A
 Call Imp                 Summ           ######       1%          2    N/A
 Poisonous Vapours        Pois/Air       ######       1%          2    N/A
 Shackle                  Hex            ######..     1%          2    N/A
 Song of Slaying          Chrm           #######.     1%          2    N/A
 Call Canine Familiar     Summ           #######.     1%          3    N/A
 Dazzling Orbs            Conj/Hex       #######      1%          3    N/A
 False Image              Hex/Summ       ######..     1%          3    N/A
 Recall                   Summ/Tloc      N/A          1%          3    N/A
 Regeneration             Chrm/Necr      ########..   1%          3    N/A
 Spectral Weapon          Hex/Chrm       ######..     1%          3    N/A
 Spider Form              Tmut/Pois      ###          1%          3    N/A
 Airstrike                Air            ########..   1%          4    N/A
 Force Lance              Tloc           ########     1%          4    N/A
 Fulminant Prism          Conj/Hex       ########..   1%          4    N/A
 Summon Scorpions         Summ/Pois      ######..     1%          4    N/A
 Tree Form                Hex/Tmut       N/A          1%          4    N/A
 Yara's Violent Unravell  Hex/Tmut       #######...   1%          4    N/A
 Dispel Undead            Necr           ########     1%          5    N/A
 Iskenderun's Battlesphe  Conj/Chrm      ########     1%          5    N/A
 Metabolic Englaciation   Hex/Ice        #######...   1%          5    N/A
 Piercing Shot            Chrm           #######...   1%          5    N/A
 Steam Barrier            Chrm/Fire      ########..   1%          5    N/A
 Summon Demon             Summ           #######...   1%          5    N/A
 Summon Lightning Spire   Summ/Air       #######.     1%          5    N/A
 Venom Bolt               Conj/Pois      ########..   1%          5    N/A
 Borgnjor's Vile Clutch   Necr/Erth      ########..   1%          6    N/A
 Conjure Ball Lightning   Conj/Air       ########..   1%          6    N/A
 Death Channel            Chrm/Necr      ########..   1%          6    N/A
 Dispersal                Tloc           ########..   1%          6    N/A
 Poison Arrow             Conj/Pois      ########..   1%          6    N/A
 Simulacrum               Ice/Necr       ########     1%          6    N/A
 Statue Form              Tmut/Erth      ########.    1%          6    N/A
 Mana Rupture             Conj/Hex       ########..   1%          7    N/A
 Orb of Destruction       Conj           ########..   1%          7    N/A
 Spellforged Servitor     Conj/Summ      ########..   1%          7    N/A
 Chain Lightning          Conj/Air       ########..   1%          8    N/A
 Tukima's Dance           Hex            ######..     2%          3    N/A
 Summon Mana Viper        Hex/Summ       ######..     4%          5    N/A
 Summon Hydra             Summ           #######...   4%          6    N/A
 Tornado                  Tloc/Air       ########..   4%          8    N/A
 Haunt                    Necr/Summ      ########..   5%          7    N/A
 Cause Fear               Hex            ######....   8%          4    N/A
 Olgreb's Toxic Radiance  Pois           ######...    8%          4    N/A
 Borgnjor's Revivificati  Necr           ########..   11%         8    N/A
 Infestation              Hex/Tmut/Pois  #######..    14%         6    N/A
 Monstrous Menagerie      Summ           #######...   24%         7    N/A
 Shadow Creatures         Summ           N/A          24%         7    N/A
 Time Stop                Chrm/Tloc      N/A          47%         8    N/A
 Darkness                 Hex            ######....   75%         6    N/A
 Invisibility             Hex            ######..     75%         6    N/A
 Discord                  Hex            ######....   99%         7    N/A

Dungeon Overview and Level Annotations

Branches:
Dungeon (12/12)            Temple (1/1) D:6            Lair (6/6) D:9
  Swamp (3/3) Lair:2        Snake (3/3) Lair:3        Slime (5/5) Orc
    Orc (1/1) D:9             Elf (3/3) Lair:5       Vaults (3/3) D:12
  Crypt (2/2) Vaults:2       Tomb (3/3) Crypt:2      Depths (5/5) D:12
   Hell (1/1)                 Dis (2/2) Hell            Geh (2/2) Hell
    Coc (2/2) Hell            Tar (2/2) Hell            Zot (5/5) Depths:5

Altars:
Ashenzari
Cheibriados
Dithmenos
Gozag
Hepliaklqana
Kikubaaqudgha
Lugonu
Makhleb
Nemelex Xobeh
Okawaru
Qazlal
Ru
Sif Muna
Trog
Uskayaw
Vehumet
Wu Jian
Xom
Yredelemnul
Jiyva

Shops:
D:4 }%:[   D:5 !   D:10 *   D:11 (   Orc :[%(   Elf:2 (   Snake:3 =}=
Vaults:1 [   Vaults:3 }}   Depths:2 ?:=   Depths:5 (:[

Portals:
Hell: Depths:1 Depths:2 Depths:3 Depths:4 Depths:5
Abyss: Depths:1 Depths:2 Depths:3 Depths:4
Pandemonium: Depths:1 Depths:2 Depths:3 Depths:4 Depths:5
Ziggurat: Depths:5

Annotations:
Elf:2 3 runed doors
Dis:2 Dispater


Innate Abilities, Weirdness & Mutations

You can fly continuously.
You can translocate small distances at will.
Your mind is acute. (Int +2)
Your flesh is cold resistant. (rC+)
You are covered in fur. (AC +1)
Your muscles are very strong. (Str +4)


Message History

Press: ? - help, Shift-Dir - straight line, f - Orb Guardian
Aim: an Orb Guardian You feel a surge of power!
The burst of ice shards hits the Orb Guardian!!
The burst of ice shards hits the Orb Guardian!
The Orb Guardian is heavily wounded.
Casting: Icicle Burst (safe; 1% risk of failure)
Confirm with . or Enter, or press ? or * to list all spells.
Aiming: Icicle Burst (safe; 1% risk of failure)
Press: ? - help, Shift-Dir - straight line, f/p - Orb Guardian
Aim: an Orb Guardian (heavily wounded)
You feel a surge of power!
The burst of ice shards hits the Orb Guardian!! x2
The burst of ice shards hits the Orb Guardian!
You kill the Orb Guardian!
Vehumet accepts your kill.
You feel your power returning.
There is a staircase leading out of the dungeon here.
The power of the Orb breaks the dimensional shunt like a soap bubble!
You have escaped!

......# ##8###.........# #
......# #.# #.........# #
......# ###.#############
......# ###.....### #.##..#
#.........# ##########
#.###.###
##.........###8##8##8## #.#
#...# #(8....................
#.#
##..###......................
#.#
#..8.......L................
#.#
#..###......................
#.#
#....#.8....................
#.#
####.##.........###8##8##8##
#.# #..#.........# ##########
..########.###.....###
#...(..... .......#
#...###.### #.#######.
..)....# ##....#.# #...#...#.
.......# #....#8## ##......#.


There were no monsters in sight!

Vanquished Creatures
  Asmodeus (Geh:2)
  Cerebov (Pan)
  the Royal Jelly (Slime:5)
  Antaeus (Coc:2)
  Gloorx Vloq (Pan)
  Ereshkigal (Tar:2)
  the Serpent of Hell (Geh:2)
  Lom Lobon (Pan)
  2 pandemonium lords (Pan)
  Mnoleg (Pan)
  3 juggernauts
  Mara (Vaults:3)
  9 orbs of fire (Zot:5)
  5 ancient liches
  43 greater mummies
  Boris (Depths:3)
  5 shard shrikes (Coc:2)
  4 Killer Klowns
  Bai Suzhen (Elf:3)
  Saint Roka (D:8)
  6 golden dragons
  Margery (Crypt:1)
  Vashnia (Snake:2)
  Geryon (Hell)
  4 rockslimes
  5 bone dragons
  Jory (Tomb:1)
  3 electric golems (Zot:5)
  2 doom hounds (Tar:2)
  3 iron giants (Dis:2)
  20 Brimstone Fiends
  3 hellephants
  18 Shadow Fiends (Tar:2)
  10 tentacled monstrosities
  28 Orb Guardians
  16 Ice Fiends
  21 liches
  Rupert (Lair:5)
  3 wendigos
  8 Hell Sentinels
  2 deep elf master archers (Elf:3)
  2 deep elf blademasters (Elf:3)
  4 titans
  17 ancient champions
  7 quicksilver dragons
  The ghost of Turbognida the Peltast, an adept GrAc of Ashenzari (Snake:3)
  An eldritch tentacle (Dis:2)
  29 acid blobs
  17 sphinxes
  9 Executioners (Pan)
  Murray (Hell)
  2 thorn hunters
  5 death cobs
  6 tentacled starspawn
  Kirke (Lair:3)
  Donald (Snake:3)
  3 tengu reavers (Vaults:3)
  3 draconian monks
  3 revenants
  8 nagarajas
  13 storm dragons
  11 shadow dragons
  10 fire giants
  5 draconian knights
  7 iron golems (Dis:2)
  15 frost giants
  7 ghouls
  21 balrugs
  20 war gargoyles
  4 corrupters (Pan)
  An azure jelly (shapeshifter) (Depths:5)
  23 azure jellies
  The ghost of SansUndertale the Bludgeoner, a journeyman NaAc of Hepliaklqana (Snake:3)
  17 iron dragons
  2 warmongers (Pan)
  14 cacodemons
  13 vault wardens
  9 deep elf sorcerers
  3 black suns (Pan)
  3 curse skulls
  A ghost moth (shapeshifter) (Depths:3)
  7 draconian shifters
  2 deep elf elementalists (Elf:3)
  5 spectral caustic shrikes (Depths:3)
  The ghost of Lazarus1551 the Eclecticist, a journeyman OnWz of Okawaru (D:12)
  A draconian stormcaller (Depths:5)
  28 stone giants
  13 ironheart preservers
  4 draconian annihilators
  2 elemental wellsprings (Coc:2)
  28 very ugly things
  10 jiangshi
  2 draconian scorchers
  31 reapers
  The ghost of tronn the Thaumaturge, a journeyman GnIE of Gozag (Snake:3)
  2 eyes of devastation (Zot:2)
  8 deep elf demonologists
  The ghost of tronn the Cleaver, a journeyman MiGl of Wu Jian (Lair:6)
  10 bennus
  4 vampire knights
  5 blood saints (Pan)
  2 dire elephants (Depths:3)
  8 lorocyprocas
  9 green draconians
  5 black draconians
  A spectral titan (Coc:2)
  5 yellow draconians
  7 white draconians
  10 spark wasps
  10 deep elf annihilators
  5 red draconians
  4 eidola (Crypt:2)
  A minotaur (Gauntlet)
  13 blizzard demons
  18 purple draconians
  2 green deaths
  24 mummy priests
  9 statues (WizLab)
  5 deep elf death magi
  Urug (Lair:5)
  A merfolk impaler (Depths:3)
  Josephine (Swamp:1)
  12 ettins
  6 fire dragons
  15 yaktaur captains
  A kraken zombie (Coc:2)
  A quicksilver dragon zombie (Dis:2)
  3 crystal guardians
  3 deep elf high priests
  Fannar (Lair:1)
  33 vault guards
  16 hydras
  4 shambling mangroves
  2 ghost crabs
  A monstrous demonspawn (Pan)
  14 naga warriors
  23 ice dragons
  12 rakshasas
  15 great orbs of eyes
  12 ogre magi
  10 shadow wraiths
  A merfolk avatar (Lair:6)
  4 death knights
  6 spriggan air magi
  12 anacondas
  A great orb of eyes (shapeshifter) (Vaults:3)
  12 death oozes
  A catoblepas (Lair:6)
  The ghost of Cris the Destroyer, a journeyman FrCj of Sif Muna (Vaults:1)
  A tengu warrior (Elf:1)
  9 death yaks
  12 hell hogs
  28 two-headed ogres
  4 deep troll shamans
  A titan zombie (Hell)
  79 death scarabs
  11 alligators
  4 spriggan berserkers
  5 ancient automatons
  8 thrashing horrors
  6 deep troll earth magi
  7 vampire magi
  12 dancing weapons
  25 sun demons
  14 naga sharpshooters
  8 shock serpents
  A spectral dire elephant (Tar:2)
  14 centaur warriors
  19 deep elf knights
  22 deep trolls
  3 titan skeletons
  9 soul eaters
  6 wretched stars
  3 salamander mystics
  A fire crab (shapeshifter) (Depths:1)
  3 storm dragon zombies
  12 sixfirhies
  4 swamp dragons
  A ghost moth zombie (Dis:2)
  6 infernal demonspawn (Pan)
  A storm dragon skeleton (Geh:2)
  56 hell knights
  2 death drakes
  5 flayed ghosts
  2 spatial maelstroms
  A gelid demonspawn (Pan)
  77 skeletal warriors
  A spriggan druid (Elf:1)
  A spectral ghost moth (Coc:2)
  9 naga ritualists
  10 iron trolls
  A spectral anaconda (Coc:2)
  13 starcursed masses
  3 torturous demonspawn (Pan)
  5 anaconda zombies
  4 glowing orange brains
  12 shadow demons
  A spectral hydra (Tar:2)
  A spectral iron dragon (Coc:2)
  3 unseen horrors (Depths:3)
  11 phantasmal warriors
  13 wizards
  A wolf spider zombie (Hell)
  4 anaconda skeletons
  2 cyclopes
  4 golden dragon skeletons
  21 deep elf archers
  A harpy (shapeshifter) (Abyss:1)
  11 ironheart convokers
  A shadow dragon skeleton (Crypt:2)
  8 orc knights
  An iron dragon zombie (Dis:2)
  99 deep elf magi
  12 mana vipers
  2 frost giant zombies
  An apocalypse crab (Abyss:3)
  3 fire giant zombies
  A mana viper (shapeshifter) (Depths:1)
  11 shining eyes
  4 orc sorcerers
  20 necromancers
  39 ugly things
  2 salamanders (shapeshifter)
  A stone giant zombie (Hell)
  5 manticores
  A worldbinder (Abyss:1)
  14 salamanders
  3 iron dragon skeletons
  An elephant (Lair:6)
  41 black mambas
  11 guardian serpents
  14 moths of wrath
  A black mamba (shapeshifter) (Vaults:3)
  2 stone giant skeletons
  2 dire elephant zombies
  A gargoyle (D:12)
  6 will-o'-wisps (Swamp:2)
  2 shock serpent zombies
  19 rust devils
  2 ice statues
  5 fire giant skeletons
  3 frost giant skeletons
  16 orange demons
  9 molten gargoyles
  17 vault sentinels
  A torpor snail (Lair:4)
  A storm dragon simulacrum (Coc:2)
  16 cane toads
  3 titan simulacra (Coc:2)
  12 naga magi
  14 smoke demons
  9 efreet
  A shock serpent skeleton (Pan)
  21 hellions
  A rime drake (shapeshifter) (D:12)
  A red draconian zombie (Crypt:2)
  4 kobold demonologists
  69 yaktaurs
  25 freezing wraiths
  3 rime drakes
  10 demonic crawlers
  59 flying skulls
  8 ice devils (Coc:2)
  14 komodo dragons
  A grey draconian skeleton (Crypt:2)
  A yaktaur (shapeshifter) (Abyss:1)
  6 dire elephant skeletons
  59 guardian mummies
  An eye of draining (D:11)
  5 anaconda simulacra (Coc:2)
  7 ancient zymes
  21 tormentors
  9 hydra zombies
  16 red devils
  A tengu conjurer (Elf:1)
  12 hellwings
  2 harpy zombies
  Maurice (Orc)
  3 meliai (Gauntlet)
  3 trolls
  9 polar bears
  Grinder (D:6)
  8 tyrant leeches
  17 hornets
  A blink frog (shapeshifter) (D:12)
  8 harpy skeletons
  Prince Ribbit (Lair:1)
  11 bog bodies
  4 dream sheep (Lair:4)
  175 slime creatures
  27 raiju
  2 wind drakes (Lair:6)
  8 hippogriffs
  3 ice dragon zombies
  2 fire dragon zombies
  A raiju (shapeshifter) (Depths:1)
  6 hydra skeletons
  Grum (D:9)
  2 ettin zombies
  19 blink frogs
  A frost giant simulacrum (Coc:2)
  4 alligator zombies
  A spectral black mamba (Tar:2)
  2 air elementals (Elf:2)
  2 alligator skeletons
  2 ettin skeletons
  2 water elementals
  A fire dragon skeleton (Crypt:1)
  6 ynoxinuls
  15 shadows
  18 wraiths
  6 spriggans
  6 ice dragon skeletons
  A tarantella (shapeshifter) (Depths:2)
  A black mamba skeleton (Crypt:2)
  Sigmund (D:2)
  A vampire (D:11)
  4 fire bats
  A spriggan (shapeshifter) (Abyss:1)
  6 basilisks
  4 hogs
  A yak (shapeshifter) (Vaults:3)
  29 yaks
  13 golden eyes
  4 wyverns
  14 ushabtiu
  6 hungry ghosts
  4 vampire mosquitoes (Swamp:1)
  14 fire elementals
  22 neqoxecs
  A wind drake zombie (Crypt:1)
  A steam dragon (shapeshifter) (Vaults:1)
  17 chaos spawn
  A warg (shapeshifter) (D:12)
  A redback (shapeshifter) (Vaults:3)
  A harpy simulacrum (Hell)
  2 spatial vortices (Abyss:4)
  5 swamp worm simulacra (Swamp:3)
  8 wargs
  32 large abominations
  A spectral cane toad (Coc:2)
  57 nagas
  16 swamp worms
  17 water moccasins
  18 crocodiles
  2 monstrous demonspawn zombies (Crypt:1)
  A naga (shapeshifter) (Vaults:1)
  20 hydra simulacra
  13 hell hounds
  A cane toad zombie (Hell)
  An acid dragon (Lair:6)
  14 porcupines
  A merfolk skeleton (Crypt:2)
  2 floating eyes
  3 ice beasts
  34 orc warriors
  Duvessa (D:6)
  3 soldier ants (D:10)
  7 sky beasts
  A sky beast (shapeshifter) (Vaults:1)
  An ettin simulacrum (Coc:2)
  2 hornet zombies
  A phantom (Tar:2)
  A swamp drake (Swamp:3)
  4 black bears
  2 manticore zombies
  8 necrophages
  A snapping turtle zombie (Hell)
  5 cane toad skeletons
  An ice dragon simulacrum (Coc:2)
  22 ogres
  14 wolves
  A boggart (Depths:2)
  11 small abominations
  A manticore skeleton (Crypt:1)
  2 snapping turtle skeletons
  2 swamp dragon skeletons
  8 bullfrogs
  A spectral human (Coc:2)
  8 kobold brigands
  A salamander zombie (Crypt:2)
  2 earth elementals (Elf:3)
  A gnoll sergeant (D:6)
  A wyvern zombie (Crypt:1)
  An elf skeleton (Geh:2)
  Dowan (D:6)
  15 centaurs
  A yaktaur skeleton (Crypt:1)
  A scorpion (shapeshifter) (Abyss:4)
  2 scorpions
  14 killer bees (D:10)
  6 wights (D:7)
  A snapping turtle simulacrum (Coc:2)
  A howler monkey (shapeshifter) (Vaults:1)
  5 howler monkeys
  An electric eel (D:11)
  8 orc priests
  18 crimson imps
  A lava snake (D:11)
  6 quasits
  15 jellies
  A black bear zombie (Crypt:2)
  5 hounds
  4 iguanas
  A bullfrog skeleton (D:5)
  16 iron imps (Dis:2)
  6 orc wizards
  18 hell rats
  2 human skeletons
  12 worker ants
  A worker ant (shapeshifter) (Vaults:1)
  38 mummies
  4 gnolls
  17 adders
  2 river rats (D:4)
  A centaur skeleton (Geh:2)
  A steam dragon skeleton (Crypt:1)
  10 shadow imps
  4 white imps
  3 swamp drake simulacra (Swamp:3)
  6 ufetubi
  2 oozes
  An adder zombie (D:5)
  An iguana zombie (Crypt:2)
  5 adder skeletons
  10 worms
  2 dart slugs
  6 leopard geckos
  73 orcs
  4 bats
  A bat skeleton (Crypt:2)
  A giant cockroach (shapeshifter) (Vaults:1)
  2 giant cockroaches
  4 goblins (D:1)
  8 hobgoblins
  A hobgoblin (shapeshifter) (Vaults:1)
  19 jackals
  A quokka (shapeshifter) (Vaults:1)
  4 quokkas
  A ball python (shapeshifter) (Vaults:1)
  2 ball pythons
  12 frilled lizards
  A frilled lizard skeleton (Crypt:1)
  32 kobolds
  A kobold zombie (Tar:2)
  An orc skeleton (Pan)
  A quokka skeleton (D:5)
  A quokka zombie (D:5)
  8 rats
  3 ball lightnings (Pan)
  20 blocks of ice
  A demonic plant (Pan)
  52 fire vortices
  5 fungi
  10 plants
  2 starspawn tentacles
  4 tentacles (Coc:2)
3935 creatures vanquished.

Vanquished Creatures (collateral kills)
  A storm dragon (Vaults:3)
  A frost giant (Vaults:3)
  A yellow draconian (Zot:2)
  A skeletal warrior (Crypt:2)
  2 starcursed masses (Abyss:4)
  A deep elf mage (Elf:3)
  A hellion (Dis:2)
  A large abomination (Pan)
  A shadow (Tar:2)
  A chaos spawn (Abyss:4)
  A mummy (Tomb:1)
12 creatures vanquished.

Vanquished Creatures (others)
  An eldritch tentacle (Coc:2)
  An azure jelly (Swamp:3)
  A ghost moth (Zot:5)
  A moth of wrath (Zot:5)
  A guardian mummy (Tomb:2)
  A hydra skeleton (Abyss:4)
  A fire bat (Abyss:4)
  A fire dragon skeleton (Geh:2)
  2 chaos spawn (Abyss:4)
  2 mummies (Tomb:2)
  67 blocks of ice
  3 bushes (D:9)
  235 fire vortices
  20 fungi
  49 plants
  2 starspawn tentacles
388 creatures vanquished.

Grand Total: 4335 creatures vanquished

Notes
Turn   | Place    | Note
-------+----------+-------------------------------------------
     0 | D:1      | Galewind the Avariel Conjurer began the quest for the Orb.
     0 | D:1      | Reached XP level 1. HP: 10/10 MP: 6/6
   142 | D:1      | Reached XP level 2. HP: 15/15 MP: 4/7
   182 | D:1      | Learned a level 2 spell: Searing Ray
   749 | D:1      | Reached skill level 3 in Spellcasting
   749 | D:1      | Reached XP level 3. HP: 19/19 MP: 6/9
   786 | D:1      | Got a clouded wooden ring
   787 | D:1      | Identified the ring of Disaster {rF+ Stlth--} (You found it
                  | on level 1 of the Dungeon)
   922 | D:1      | Learned a level 3 spell: Iskenderun's Mystic Blast
  1123 | D:2      | Reached XP level 4. HP: 24/24 MP: 8/10
  1510 | D:2      | Found a faded altar of an unknown god.
  1598 | D:2      | Noticed Sigmund
  1649 | D:2      | Killed Sigmund
  1650 | D:2      | Reached skill level 4 in Spellcasting
  1650 | D:2      | Reached XP level 5. HP: 28/28 MP: 7/13
  1913 | D:2      | Reached XP level 6. HP: 32/32 MP: 12/14
  1920 | D:2      | Found a blossoming altar of Fedhas.
  3213 | D:4      | Found Waraep's Food Shoppe.
  3305 | D:4      | Found a glowing drain.
  3310 | Sewer    | Entered a sewer
  3697 | Sewer    | Reached skill level 5 in Spellcasting
  4097 | D:4      | Reached XP level 7. HP: 36/36 MP: 8/17
  4167 | D:4      | Found Hyrim's Gadget Emporium.
  4509 | D:4      | Found Pipek's Armour Shop.
  4530 | D:4      | Found Bauwel's Book Shoppe.
  5051 | D:5      | Entered Level 5 of the Dungeon
  5155 | D:5      | Reached skill level 6 in Spellcasting
  5306 | D:5      | Reached skill level 10 in Conjurations
  5393 | D:5      | Found Petai's Distillery.
  5412 | D:5      | Bought 2 potions of heal wounds for 120 gold pieces
  5412 | D:5      | Bought a potion of curing for 30 gold pieces
  5521 | D:5      | Reached XP level 8. HP: 9/42 MP: 12/19
  5719 | D:5      | Reached skill level 7 in Spellcasting
  6236 | D:6      | Found a snail-covered altar of Cheibriados.
  6400 | D:6      | Reached skill level 1 in Fighting
  6400 | D:6      | Reached skill level 8 in Spellcasting
  6516 | D:6      | Found a staircase to the Ecumenical Temple.
  6537 | Temple   | Entered the Ecumenical Temple
  6751 | Temple   | Became a worshipper of Vehumet
  6805 | D:6      | Found a sparkling altar of Nemelex Xobeh.
  6825 | D:6      | Gained mutation: You can fly continuously. [Avariel growth]
  6825 | D:6      | Reached XP level 9. HP: 36/47 MP: 13/23
  6827 | D:6      | Reached skill level 9 in Spellcasting
  6967 | D:6      | Noticed Grinder
  6970 | D:6      | Killed Grinder
  6994 | D:6      | Noticed Duvessa
  6997 | D:6      | Killed Duvessa
  6999 | D:6      | Noticed Dowan
  7004 | D:6      | Killed Dowan
  7358 | D:6      | Reached skill level 10 in Spellcasting
  7467 | D:7      | Got a smoking ivory ring
  7546 | D:7      | Identified the ring of Propriety {rElec rPois} (You found
                  | it on level 7 of the Dungeon)
  7756 | D:7      | Reached * piety under Vehumet
  7756 | D:7      | Offered knowledge of Flame Tongue by Vehumet.
  7821 | D:7      | Reached skill level 11 in Spellcasting
  7821 | D:7      | Reached XP level 10. HP: 52/52 MP: 16/27
  8965 | D:8      | Noticed a two-headed ogre
  8969 | D:8      | Killed a two-headed ogre
  8970 | D:8      | Reached skill level 12 in Spellcasting
  9236 | D:9      | Found a staircase to the Orcish Mines.
  9328 | D:9      | Noticed Grum
  9340 | D:9      | Killed Grum
  9340 | D:9      | Offered knowledge of Sting by Vehumet.
  9384 | D:9      | Reached ** piety under Vehumet
  9455 | D:9      | Learned a level 6 spell: Bolt of Cold
  9461 | D:9      | Learned a level 5 spell: Freezing Cloud
  9500 | D:9      | Reached skill level 5 in Dodging
  9534 | D:9      | Noticed a two-headed ogre
  9536 | D:9      | Reached skill level 13 in Spellcasting
  9566 | D:8      | Killed a two-headed ogre
  9567 | D:8      | Reached XP level 11. HP: 22/57 MP: 1/30
  9687 | D:9      | Noticed a two-headed ogre
  9702 | D:9      | Killed a two-headed ogre
  9703 | D:9      | Reached skill level 14 in Spellcasting
  9771 | D:9      | Found a staircase to the Lair.
 10324 | Orc      | Entered the Orcish Mines
 10428 | Orc      | Noticed an orc knight
 10429 | Orc      | Noticed an orc knight
 10443 | Orc      | Killed an orc knight
 10447 | Orc      | Killed an orc knight
 10538 | Orc      | Offered knowledge of Shock by Vehumet.
 10547 | Orc      | Noticed an orc knight
 10625 | Orc      | Killed an orc knight
 10713 | Orc      | Reached *** piety under Vehumet
 10908 | Orc      | Noticed an orc knight
 11014 | Orc      | Killed an orc knight
 11074 | Orc      | Reached skill level 10 in Dodging
 11157 | Orc      | Offered knowledge of Lightning Bolt by Vehumet.
 11333 | Orc      | Reached XP level 12. HP: 67/67 MP: 20/32
 11344 | Orc      | Reached skill level 5 in Fighting
 11594 | Orc      | Noticed Saint Roka
 11710 | Lair:1   | Entered Level 1 of the Lair of Beasts
 11710 | Lair:1   | Noticed Prince Ribbit
 11715 | Lair:1   | Reached skill level 1 in Air Magic
 11718 | Lair:1   | Killed Prince Ribbit
 11719 | Lair:1   | Reached skill level 1 in Ice Magic
 11720 | Lair:1   | Reached **** piety under Vehumet
 11826 | Lair:1   | Noticed Fannar
 11997 | Lair:1   | Killed Fannar
 12156 | Lair:1   | Noticed a five-headed hydra
 12163 | Lair:1   | Killed a five-headed hydra
 12695 | Lair:1   | Reached skill level 5 in Air Magic
 12695 | Lair:1   | Offered knowledge of Throw Icicle by Vehumet.
 12734 | Lair:1   | Reached skill level 5 in Ice Magic
 13602 | Lair:2   | Noticed a four-headed hydra
 13605 | Lair:2   | Killed a four-headed hydra
 13689 | Lair:2   | Noticed a five-headed hydra
 13691 | Lair:2   | Killed a five-headed hydra
 13737 | Lair:2   | Found a staircase to the Swamp.
 13884 | Lair:2   | Reached XP level 13. HP: 74/74 MP: 26/33
 14572 | Lair:3   | Reached skill level 10 in Ice Magic
 14797 | Lair:3   | Noticed Kirke
 14809 | Lair:3   | Killed Kirke
 15128 | Lair:3   | Reached ***** piety under Vehumet
 15128 | Lair:3   | Offered knowledge of Fireball by Vehumet.
 15163 | Lair:3   | Found a staircase to the Snake Pit.
 15372 | Lair:3   | Learned a level 5 spell: Fireball
 16693 | Lair:4   | Reached skill level 1 in Fire Magic
 16718 | Lair:4   | Identified a scroll of acquirement
 16718 | Lair:4   | Identified the +0 hat "Geen" {*Drain rF+ Int+2} (You
                  | acquired it on level 4 of the Lair of Beasts)
 16718 | Lair:4   | Identified the amulet "Exop" {Spirit Str+2 Int+7} (You
                  | acquired it on level 4 of the Lair of Beasts)
 16759 | Lair:5   | Reached XP level 14. HP: 80/80 MP: 18/34
 16940 | Lair:5   | Found a staircase to the Elven Halls.
 16960 | Lair:5   | Noticed Urug
 16963 | Lair:5   | Killed Urug
 17112 | Lair:5   | Reached skill level 5 in Fire Magic
 17208 | Lair:5   | Noticed Rupert
 17212 | Lair:5   | Killed Rupert
 18118 | Lair:6   | Entered Level 6 of the Lair of Beasts
 18255 | Lair:6   | Found a transporter.
 18393 | Lair:6   | Found a gate leading to a gauntlet.
 18402 | Gauntlet | Entered a Gauntlet
 18402 | Gauntlet | Found a transporter.
 18412 | Gauntlet | Found a transporter.
 18427 | Gauntlet | Found a transporter.
 18433 | Gauntlet | Found a transporter.
 18448 | Gauntlet | Found a transporter.
 18467 | Gauntlet | Found a transporter.
 18479 | Gauntlet | Found a transporter.
 18487 | Gauntlet | Found a transporter.
 18487 | Gauntlet | Found a transporter.
 18504 | Gauntlet | Found a transporter.
 18516 | Gauntlet | Found a transporter.
 18528 | Gauntlet | Found a transporter.
 18545 | Gauntlet | Found a transporter.
 18562 | Gauntlet | Found a transporter.
 18564 | Gauntlet | Found a transporter.
 18590 | Gauntlet | Found a transporter.
 18592 | Gauntlet | Found a transporter.
 18594 | Gauntlet | Found a transporter.
 18914 | Gauntlet | Identified the Catalogue of Attacks and the Escort
 19083 | Gauntlet | Got a pair of buzzing gloves
 19094 | Gauntlet | Identified the +1 pair of gloves of Dithmenos's Fury
                  | {Dex+10 Slay-5} (You found it in a Gauntlet)
 19150 | Gauntlet | Identified Paelurphi's Handbook of Companions and Venom
 19245 | Gauntlet | Identified a +2 pair of boots of running (You found it in a
                  | Gauntlet)
 19282 | Lair:6   | Reached skill level 15 in Conjurations
 19371 | Lair:6   | Reached skill level 15 in Spellcasting
 19465 | Lair:6   | Offered knowledge of Bolt of Magma by Vehumet.
 19603 | Lair:6   | Found a transporter.
 19603 | Lair:6   | Noticed tronn's ghost (journeyman MiGl)
 20047 | Lair:6   | Reached XP level 15. HP: 84/84 MP: 31/36
 20096 | Lair:6   | Reached skill level 16 in Spellcasting
 20959 | Orc      | Found a roughly hewn altar of Beogh.
 21020 | Orc      | Noticed Maurice
 21022 | Orc      | Killed Maurice
 21109 | Orc      | Found a roughly hewn altar of Beogh.
 21352 | Orc      | Found a staircase to the Slime Pits.
 21352 | Orc      | Found a viscous altar of Jiyva.
 21517 | Orc      | Found Hetubb's Food Emporium.
 21517 | Orc      | Found Zezol's Antique Weapon Shop.
 21595 | Orc      | Found Apomuq's Book Emporium.
 21595 | Orc      | Found Nykopic's Armour Shop.
 21681 | D:10     | Entered Level 10 of the Dungeon
 22182 | D:10     | Found Qinef's Assorted Antiques.
 22191 | D:10     | Bought a scroll of identify for 66 gold pieces
 22234 | D:10     | Offered knowledge of Bolt of Fire by Vehumet.
 22402 | Orc      | Bought a book of Fire for 1040 gold pieces
 22409 | Orc      | Learned a level 6 spell: Bolt of Fire
 22418 | Orc      | Learned a level 8 spell: Ignition
 22863 | D:11     | Found Faom's Antique Weapon Emporium.
 23382 | D:12     | Entered Level 12 of the Dungeon
 23670 | D:12     | Reached skill level 10 in Fire Magic
 23847 | D:12     | Found a runed translucent gate.
 23848 | D:12     | Found a runed translucent gate.
 23850 | D:12     | Found a runed translucent gate.
 23851 | D:12     | Found an opulent altar of Gozag.
 23853 | D:12     | Noticed Lazarus1551's ghost (journeyman OnWz)
 23890 | D:12     | Found a staircase to the Depths.
 23999 | D:12     | Found a gate to the Vaults.
 24239 | D:12     | Offered knowledge of Poison Arrow by Vehumet.
 24242 | D:12     | Killed Lazarus1551's ghost
 24540 | Swamp:1  | Entered Level 1 of the Swamp
 24550 | Lair:2   | Reached XP level 16. HP: 74/88 MP: 9/38
 24579 | Swamp:1  | Reached ****** piety under Vehumet
 25052 | Swamp:1  | Noticed Josephine
 25056 | Swamp:1  | Killed Josephine
 25382 | Swamp:2  | Noticed a thorn hunter
 25385 | Swamp:2  | Killed a thorn hunter
 25400 | Swamp:2  | Got a scorched cloak
 25411 | Swamp:2  | Identified the +0 cloak "Olejiot" {rPois MR+ Stlth+} (You
                  | found it on level 2 of the Swamp)
 25728 | Swamp:2  | Offered knowledge of Orb of Destruction by Vehumet.
 25728 | Swamp:2  | Noticed a wendigo
 25820 | Swamp:2  | Killed a wendigo
 26116 | Swamp:3  | Entered Level 3 of the Swamp
 26128 | Swamp:3  | Reached skill level 15 in Fire Magic
 26713 | Swamp:3  | Noticed a thorn hunter
 26715 | Swamp:3  | Killed a thorn hunter
 26785 | Swamp:3  | Reached XP level 17. HP: 93/93 MP: 32/39
 27023 | Swamp:3  | Got a decaying rune of Zot
 27291 | Snake:1  | Entered Level 1 of the Snake Pit
 28237 | Snake:2  | Found a hide-covered altar of Uskayaw.
 28270 | Snake:2  | Offered knowledge of Mana Rupture by Vehumet.
 28379 | Snake:2  | Noticed Vashnia
 28387 | Snake:2  | Killed Vashnia
 28786 | Snake:2  | Reached skill level 10 in Fighting
 29351 | Snake:3  | Entered Level 3 of the Snake Pit
 29351 | Snake:3  | Noticed Donald
 29354 | Snake:3  | Killed Donald
 29492 | Snake:3  | Noticed tronn's ghost (journeyman GnIE)
 29493 | Snake:3  | Found a runed translucent gate.
 29493 | Snake:3  | Noticed SansUndertale's ghost (journeyman NaAc)
 29493 | Snake:3  | Noticed Turbognida's ghost (adept GrAc)
 29498 | Snake:3  | Found a runed translucent gate.
 29498 | Snake:3  | Found a runed translucent gate.
 29586 | Snake:3  | Found Pecvirhu's Jewellery Shoppe.
 29586 | Snake:3  | Found Popuin's Gadget Boutique.
 29587 | Snake:3  | Found Sasoyhuff's Jewellery Shoppe.
 29593 | Snake:3  | Reached XP level 18. HP: 107/107 MP: 21/40
 29593 | Snake:3  | Found an ancient bone altar of Kikubaaqudgha.
 29606 | Snake:3  | Bought the ring of Aleoruc {rElec rC++ Str+4} for 860 gold
                  | pieces
 29640 | Snake:3  | Reached skill level 17 in Spellcasting
 29952 | Snake:3  | Reached skill level 18 in Spellcasting
 30118 | Snake:3  | Offered knowledge of Icicle Burst by Vehumet.
 30653 | Snake:3  | Got a serpentine rune of Zot
 31259 | Snake:1  | Identified the +2 buckler of an ice cave {rPois rN+ Str+2}
                  | (You acquired it on level 1 of the Snake Pit)
 31259 | Snake:1  | Identified the ring of the Eight Lives {rF+ rC+ Slay+4}
                  | (You acquired it on level 1 of the Snake Pit)
 31259 | Snake:1  | Identified the Volume of Ice and Hexes (You acquired it on
                  | level 1 of the Snake Pit)
 31888 | D:12     | Learned a level 7 spell: Icicle Burst
 32443 | Snake:3  | Killed tronn's ghost
 32584 | Snake:3  | Killed Turbognida's ghost
 32613 | Snake:3  | Killed SansUndertale's ghost
 32994 | Slime:1  | Entered Level 1 of the Pits of Slime
 32997 | Slime:1  | Reached XP level 19. HP: 112/112 MP: 40/43
 33230 | Slime:1  | Offered knowledge of Lehudib's Crystal Spear by Vehumet.
 33230 | Slime:1  | Offered knowledge of Fire Storm by Vehumet.
 33230 | Slime:1  | Offered knowledge of Glaciate by Vehumet.
 33237 | Slime:1  | Reached skill level 15 in Dodging
 33264 | Slime:1  | Learned a level 9 spell: Fire Storm
 35708 | Slime:4  | Reached XP level 20. HP: 123/124 MP: 39/44
 35907 | Slime:4  | Found a viscous altar of Jiyva.
 36062 | Slime:5  | Entered Level 5 of the Pits of Slime
 36086 | Slime:5  | Noticed the Royal Jelly
 36489 | Slime:5  | Found a viscous altar of Jiyva.
 36526 | Slime:5  | Reached skill level 19 in Spellcasting
 36757 | Slime:5  | Killed the Royal Jelly
 36781 | Slime:5  | Identified the +5 dagger "Sarcophage" {speed, *Rage rF+
                  | rN+++ Dex+3}
 36794 | Slime:5  | Identified the Compendium of Ashen Transmigration
 36823 | Slime:5  | Identified the +2 long sword "Foanaer" {slice, *Noise rElec
                  | rF+ Str+5}
 36829 | Slime:5  | Identified the +9 mace of Dapsit {crush, Int+4}
 36837 | Slime:5  | Got a slimy rune of Zot
 36883 | Slime:5  | Identified the Guide on Transformation and the Birds
 37135 | D:8      | Killed Saint Roka
 37227 | D:4      | Bought the +5 buckler of Zutrygui {rElec Dex+6} for 785
                  | gold pieces
 37459 | Elf:1    | Entered Level 1 of the Elven Halls
 37478 | Elf:1    | Reached skill level 1 in Shields
 37766 | Elf:1    | Identified Sif Muna's Catalogue of the Glacier and the
                  | Volcanoes
 37861 | Elf:1    | Reached XP level 21. HP: 119/129 MP: 18/46
 37921 | Elf:1    | Identified Ulevveem's Collected Works on Summoning
 38472 | Elf:2    | Reached skill level 20 in Spellcasting
 38500 | Elf:2    | Found Iqipraz's Weapon Shop.
 38577 | Elf:2    | Found a runed gate.
 38578 | Elf:2    | Found a runed gate.
 38579 | Elf:2    | Found a runed gate.
 38782 | Elf:3    | Entered Level 3 of the Elven Halls
 38931 | Elf:3    | Noticed Bai Suzhen
 38960 | Elf:3    | Killed Bai Suzhen
 39786 | Elf:3    | Reached skill level 5 in Shields
 39989 | Elf:3    | Identified the ring "Amosoas" {*Drain MR+ Str+9}
 40039 | Elf:3    | Identified the cursed +0 leather armour of Kugereafath
                  | {rCorr}
 40079 | Elf:3    | Identified the ring of Vic Futz {rN+ Int+2 SInv}
 40343 | Elf:3    | Identified the cursed +1 chain mail of the Evening Star
                  | {Int+4}
 40677 | Depths:1 | Entered Level 1 of the Depths
 40692 | Depths:1 | Reached XP level 22. HP: 120/135 MP: 25/48
 40696 | Depths:1 | Found a magical portal.
 40716 | WizLab   | Entered Iskenderun's Mystic Tower
 40827 | WizLab   | Learned a level 5 spell: Iskenderun's Battlesphere
 41323 | WizLab   | Identified Iskenderun's Volume of Battle Magic
 41323 | WizLab   | Identified Iskenderun's Collected Works on Battle Magic
 41334 | WizLab   | Identified Siowe's Catalogue of Supportive Transformation
 41345 | WizLab   | Learned a level 6 spell: Deflect Missiles
 41383 | Depths:1 | Reached skill level 1 in Charms
 41545 | Depths:1 | Reached skill level 5 in Charms
 41547 | Depths:1 | Found a one-way gate leading to the halls of Pandemonium.
 41920 | Depths:1 | Found a one-way gate to the infinite horrors of the Abyss.
 42077 | Depths:1 | Found a gateway to Hell.
 42182 | Depths:1 | Reached skill level 10 in Air Magic
 42506 | Vaults:1 | Entered Level 1 of the Vaults
 42688 | Vaults:1 | Identified the +1 leather armour of Caf Pyri {rCorr}
 43020 | Vaults:1 | Found Ilaedew's Antique Armour Shop.
 43390 | Vaults:1 | Reached XP level 23. HP: 140/140 MP: 7/49
 43453 | Vaults:1 | Found a runed translucent gate.
 43453 | Vaults:1 | Found a runed translucent gate.
 43454 | Vaults:1 | Found a runed translucent gate.
 43960 | Vaults:1 | Reached skill level 21 in Spellcasting
 43969 | Vaults:1 | Found a runed translucent gate.
 43969 | Vaults:1 | Found a runed translucent gate.
 43980 | Vaults:1 | Found a runed translucent gate.
 43982 | Vaults:1 | Noticed Cris's ghost (journeyman FrCj)
 43999 | Vaults:1 | Killed Cris's ghost
 44014 | Vaults:1 | Identified the cursed +0 pair of gloves of Conscience
                  | {rPois rCorr}
 44479 | Vaults:2 | Found a staircase to the Crypt.
 44479 | Vaults:2 | Found an ancient bone altar of Kikubaaqudgha.
 44479 | Vaults:2 | Found a basalt altar of Yredelemnul.
 45049 | Vaults:2 | Reached skill level 22 in Spellcasting
 45312 | Vaults:2 | Found a portal to a secret trove of treasure.
 45519 | Vaults:2 | Found a gateway to a bazaar.
 45642 | Bazaar   | Entered a bazaar
 45642 | Bazaar   | Found Qotoris's Armour Emporium.
 45642 | Bazaar   | Found Gezit's Armour Shop.
 45642 | Bazaar   | Found Vevixoff's General Store.
 45644 | Bazaar   | Found Rovoqawu's Antique Armour Boutique.
 45644 | Bazaar   | Found Foirui's Antique Armour Shoppe.
 45675 | Bazaar   | Bought a glowing hat for 154 gold pieces
 45687 | Bazaar   | Bought a wand of digging (11) for 336 gold pieces
 45691 | Bazaar   | Bought the +8 salamander hide armour {+Fog rF++ rC-} for
                  | 535 gold pieces
 45691 | Bazaar   | Found the +8 salamander hide armour {+Fog rF++ rC-}
 46449 | Lair:6   | Reached XP level 24. HP: 145/145 MP: 39/51
 46451 | Lair:6   | Killed tronn's ghost
 46832 | Vaults:3 | Entered Level 3 of the Vaults
 46923 | Vaults:3 | Identified the +2 pair of gloves of Xiwat {-Cast rPois rF+
                  | Str+7}
 46925 | Vaults:3 | Identified the cursed ring "Umiapsu" {Ice Str-3 SInv
                  | Stlth+}
 46942 | Vaults:3 | Reached skill level 23 in Spellcasting
 47011 | Vaults:3 | Found the +8 lance "Wyrmbane" {slay drac, rPois rF+ rC+
                  | AC+3}
 47499 | Vaults:3 | Identified the +12 hand crossbow "Hydraslayer" {venom, rN+}
 47653 | Vaults:3 | Reached XP level 25. HP: 150/150 MP: 40/52
 47712 | Vaults:3 | Found Zisiachi's Gadget Shoppe.
 47712 | Vaults:3 | Found Firuest's Gadget Boutique.
 48009 | Vaults:3 | Identified the +6 falchion of Soazes {protect, Str+3}
 48009 | Vaults:3 | Identified the cursed ring of Cuvunetu {rPois Int+4 Dex-2
                  | Slay-2}
 48046 | Vaults:3 | Got a silver rune of Zot
 48046 | Vaults:3 | Noticed Mara
 48050 | Vaults:3 | Noticed Galewind's illusion
 48052 | Vaults:3 | Killed Mara
 48770 | Depths:1 | Gained mutation: You are surrounded by a mild repulsion
                  | field. (EV +2) [potion of mutation]
 48770 | Depths:1 | Gained mutation: You have sharp toenails. [potion of
                  | mutation]
 48770 | Depths:1 | Gained mutation: Your muscles are strong. (Str +2) [potion
                  | of mutation]
 48773 | Pan      | Entered Pandemonium
 48779 | Pan      | Noticed Unanwiuj the pandemonium lord
 48785 | Pan      | Killed Unanwiuj the pandemonium lord
 48786 | Pan      | Reached skill level 15 in Fighting
 48806 | Pan      | Entered the realm of Mnoleg.
 49343 | Pan      | Learned a level 8 spell: Necromutation
 49426 | Pan      | Gained mutation: Your magical capacity is low. (-10% MP) [a
                  | cacodemon]
 49428 | Pan      | Reached skill level 1 in Necromancy
 49428 | Pan      | Reached skill level 1 in Transmutations
 49922 | Pan      | Noticed Mnoleg
 49931 | Pan      | Killed Mnoleg
 49932 | Pan      | Reached skill level 5 in Necromancy
 49974 | Pan      | Reached skill level 5 in Transmutations
 49990 | Pan      | Got a glowing rune of Zot
 50109 | Pan      | Noticed Fokeidow the pandemonium lord
 50419 | Pan      | Reached XP level 26. HP: 66/161 MP: 20/47
 50553 | Pan      | Noticed Kifoseohi the pandemonium lord
 50559 | Pan      | Killed Kifoseohi the pandemonium lord
 50808 | Pan      | Got a demonic rune of Zot
 50991 | Pan      | Entered the realm of Lom Lobon.
 51003 | Pan      | Reached skill level 10 in Necromancy
 51166 | Pan      | Noticed Lom Lobon
 51177 | Pan      | Killed Lom Lobon
 51196 | Pan      | Got a magical rune of Zot
 51314 | Pan      | Entered the realm of Cerebov.
 51341 | Pan      | Learned a level 8 spell: Glaciate
 51650 | Pan      | Found an exit through the horrors of the Abyss.
 51791 | Pan      | Identified the +6 sword of Cerebov {flame}
 51791 | Pan      | Noticed Cerebov
 51812 | Pan      | Killed Cerebov
 51930 | Pan      | Identified the ring "Lideri" {+Fly Stlth+}
 51933 | Pan      | Identified the ring of Ehyanuxi {MR+ Int+2 Dex+7}
 51977 | Pan      | Got a fiery rune of Zot
 51996 | Pan      | Identified the +0 scale mail of the Scribe {rElec rC+
                  | Str+3}
 51997 | Pan      | Identified the Reference Book on the Escort
 52041 | Pan      | Entered the realm of Gloorx Vloq.
 52327 | Pan      | Reached XP level 27. HP: 147/166 MP: 17/47
 52930 | Pan      | Reached skill level 10 in Transmutations
 53184 | Pan      | Noticed Gloorx Vloq
 53189 | Pan      | Killed Gloorx Vloq
 53307 | Pan      | Got a dark rune of Zot
 53390 | Abyss:1  | Escaped into the Abyss
 53963 | Depths:1 | Escaped the Abyss
 54574 | Depths:1 | Voluntarily entered the Abyss.
 55232 | Depths:1 | Escaped the Abyss
 55335 | Depths:1 | Lost mutation: Your muscles are strong. (Str +2) [potion of
                  | mutation]
 55335 | Depths:1 | Lost mutation: You are surrounded by a mild repulsion
                  | field. (EV +2) [potion of mutation]
 55335 | Depths:1 | Gained mutation: You do not regenerate when monsters are
                  | visible. [potion of mutation]
 55335 | Depths:1 | Gained mutation: You are resistant to hostile enchantments.
                  | (MR+) [potion of mutation]
 55335 | Depths:1 | Gained mutation: You are partially covered in icy blue
                  | scales. (AC +2) [potion of mutation]
 55336 | Depths:1 | Lost mutation: Your magical capacity is low. (-10% MP)
                  | [potion of mutation]
 55336 | Depths:1 | Lost mutation: You are partially covered in icy blue
                  | scales. (AC +2) [potion of mutation]
 55336 | Depths:1 | Lost mutation: You are resistant to hostile enchantments.
                  | (MR+) [potion of mutation]
 55336 | Depths:1 | Gained mutation: You expend magic power (3 MP) to
                  | strengthen your wands. [potion of mutation]
 55336 | Depths:1 | Gained mutation: You are partially covered in thin metallic
                  | scales. (AC +2) [potion of mutation]
 55336 | Depths:1 | Gained mutation: Your muscles are strong. (Str +2) [potion
                  | of mutation]
 55336 | Depths:1 | Gained mutation: You are covered in fur. (AC +1) [potion of
                  | mutation]
 55344 | Depths:1 | Voluntarily entered the Abyss.
 55788 | Abyss:4  | Learned a level 3 spell: Regeneration
 55917 | Abyss:4  | Reached skill level 15 in Necromancy
 56134 | Abyss:4  | Got an abyssal rune of Zot
 56150 | Depths:1 | Escaped the Abyss
 56177 | Depths:1 | Lost mutation: You expend magic power (3 MP) to strengthen
                  | your wands. [potion of mutation]
 56177 | Depths:1 | Lost mutation: Your muscles are strong. (Str +2) [potion of
                  | mutation]
 56177 | Depths:1 | Gained mutation: You are partially covered in molten
                  | scales. (AC +2) [potion of mutation]
 56177 | Depths:1 | Gained mutation: You are agile. (Dex +2) [potion of
                  | mutation]
 56178 | Depths:1 | Lost mutation: You are agile. (Dex +2) [potion of mutation]
 56178 | Depths:1 | Lost mutation: You have sharp toenails. [potion of
                  | mutation]
 56178 | Depths:1 | Lost mutation: You are partially covered in molten scales.
                  | (AC +2) [potion of mutation]
 56178 | Depths:1 | Gained mutation: Your muscles are strong. (Str +2) [potion
                  | of mutation]
 56178 | Depths:1 | Gained mutation: Your muscles are very strong. (Str +4)
                  | [potion of mutation]
 56179 | Depths:1 | Lost mutation: You do not regenerate when monsters are
                  | visible. [potion of mutation]
 56179 | Depths:1 | Lost mutation: You are partially covered in thin metallic
                  | scales. (AC +2) [potion of mutation]
 56179 | Depths:1 | Gained mutation: Your flesh is cold resistant. (rC+)
                  | [potion of mutation]
 56179 | Depths:1 | Gained mutation: You can translocate small distances at
                  | will. [potion of mutation]
 56179 | Depths:1 | Gained mutation: Your mind is acute. (Int +2) [potion of
                  | mutation]
 56466 | Depths:2 | Found Enolah Muvu's Book Shoppe.
 56470 | Depths:2 | Bought a book of the Warp for 1890 gold pieces
 56488 | Depths:2 | Identified the +6 war axe of Ryweded {flame, +Fly MR+++
                  | Str-3 Dex+3}
 56800 | Depths:2 | Noticed a juggernaut
 56802 | Depths:2 | Killed a juggernaut
 56803 | Depths:2 | Reached skill level 24 in Spellcasting
 56814 | Depths:2 | Learned a level 7 spell: Controlled Blink
 56932 | Depths:2 | Found Semaeji's Magic Scroll Boutique.
 57006 | Depths:2 | Found Siocue's Jewellery Emporium.
 57301 | Depths:2 | Noticed a juggernaut
 57303 | Depths:2 | Killed a juggernaut
 57633 | Crypt:1  | Entered Level 1 of the Crypt
 57688 | Crypt:1  | Reached skill level 1 in Translocations
 57688 | Crypt:1  | Reached skill level 15 in Transmutations
 57987 | Crypt:1  | Reached skill level 5 in Translocations
 58105 | Crypt:1  | Noticed Margery
 58107 | Crypt:1  | Killed Margery
 58332 | Crypt:2  | Entered Level 2 of the Crypt
 58478 | Crypt:2  | Learned a level 6 spell: Aura of Abjuration
 58518 | Crypt:2  | Identified the ring of Qadab {+Fly Dex+4}
 58575 | Crypt:2  | Reached skill level 1 in Summonings
 58595 | Crypt:2  | Found an ancient bone altar of Kikubaaqudgha.
 58741 | Crypt:2  | Reached skill level 5 in Summonings
 58857 | Crypt:2  | Found the +9 sword of Zonguldrok {reap}
 58901 | Crypt:2  | Noticed an ancient lich
 58907 | Crypt:2  | Killed an ancient lich
 58980 | Crypt:2  | Reached skill level 10 in Translocations
 59518 | Crypt:2  | Found a staircase to the Tomb.
 59661 | Crypt:2  | Identified the +1 robe of Whack-A-Mole {rN+ rCorr}
 59670 | Crypt:2  | Identified the cursed +0 hunting sling of the Immovable
                  | Tales {venom, +Blink}
 59773 | Tomb:1   | Entered Level 1 of the Tomb of the Ancients
 60019 | Tomb:1   | Noticed Jory
 60022 | Tomb:1   | Killed Jory
 60122 | Tomb:1   | Noticed a greater mummy
 60128 | Tomb:1   | Killed a greater mummy
 60166 | Tomb:1   | Noticed a greater mummy
 60169 | Tomb:1   | Killed a greater mummy
 60721 | Tomb:2   | Found the +1 cloak of Starlight {rElec rC+ EV+4 Stlth--}
 60723 | Tomb:2   | Noticed a greater mummy
 60725 | Tomb:2   | Noticed an ancient lich
 60725 | Tomb:2   | Noticed a greater mummy
 60725 | Tomb:2   | Noticed a greater mummy
 60728 | Tomb:2   | Noticed a greater mummy
 60733 | Tomb:2   | Killed a greater mummy
 60733 | Tomb:2   | Killed a greater mummy
 60733 | Tomb:2   | Killed an ancient lich
 60734 | Tomb:2   | Reached skill level 5 in Armour
 60735 | Tomb:2   | Killed a greater mummy
 60737 | Tomb:2   | Killed a greater mummy
 61157 | Tomb:1   | Noticed a greater mummy
 61161 | Tomb:1   | Killed a greater mummy
 61180 | Tomb:1   | Noticed a greater mummy
 61184 | Tomb:1   | Killed a greater mummy
 61216 | Tomb:1   | Noticed a greater mummy
 61217 | Tomb:1   | Noticed a greater mummy
 61223 | Tomb:1   | Killed a greater mummy
 61223 | Tomb:1   | Noticed a greater mummy
 61224 | Tomb:1   | Killed a greater mummy
 61227 | Tomb:1   | Killed a greater mummy
 61251 | Tomb:1   | Noticed a greater mummy
 61257 | Tomb:1   | Killed a greater mummy
 61284 | Tomb:1   | Noticed a greater mummy
 61284 | Tomb:1   | Noticed a greater mummy
 61284 | Tomb:1   | Noticed a greater mummy
 61289 | Tomb:1   | Killed a greater mummy
 61291 | Tomb:1   | Killed a greater mummy
 61292 | Tomb:1   | Killed a greater mummy
 61295 | Tomb:1   | Noticed a greater mummy
 61297 | Tomb:1   | Noticed a greater mummy
 61297 | Tomb:1   | Noticed a greater mummy
 61300 | Tomb:1   | Noticed a greater mummy
 61301 | Tomb:1   | Killed a greater mummy
 61302 | Tomb:1   | Killed a greater mummy
 61305 | Tomb:1   | Killed a greater mummy
 61327 | Tomb:1   | Killed a greater mummy
 61406 | Tomb:1   | Noticed a greater mummy
 61407 | Tomb:1   | Noticed a greater mummy
 61409 | Tomb:1   | Noticed a greater mummy
 61410 | Tomb:1   | Killed a greater mummy
 61414 | Tomb:1   | Killed a greater mummy
 61415 | Tomb:1   | Killed a greater mummy
 61473 | Tomb:1   | Noticed a greater mummy
 61478 | Tomb:1   | Killed a greater mummy
 61480 | Tomb:1   | Noticed a greater mummy
 61485 | Tomb:1   | Noticed a greater mummy
 61485 | Tomb:1   | Killed a greater mummy
 61497 | Tomb:1   | Killed a greater mummy
 61511 | Tomb:1   | Noticed a greater mummy
 61517 | Tomb:1   | Killed a greater mummy
 61568 | Tomb:1   | Noticed a greater mummy
 61575 | Tomb:1   | Killed a greater mummy
 61615 | Tomb:1   | Noticed a greater mummy
 61619 | Tomb:1   | Killed a greater mummy
 61620 | Tomb:1   | Noticed a greater mummy
 61632 | Tomb:1   | Killed a greater mummy
 61632 | Tomb:1   | Noticed a greater mummy
 61639 | Tomb:1   | Killed a greater mummy
 61703 | Tomb:1   | Noticed a greater mummy
 61711 | Tomb:1   | Killed a greater mummy
 61711 | Tomb:1   | Noticed a greater mummy
 61714 | Tomb:1   | Killed a greater mummy
 61930 | Tomb:3   | Entered Level 3 of the Tomb of the Ancients
 61940 | Tomb:3   | Noticed a greater mummy
 61941 | Tomb:3   | Noticed a greater mummy
 61945 | Tomb:3   | Noticed a greater mummy
 61947 | Tomb:3   | Killed a greater mummy
 61947 | Tomb:3   | Killed a greater mummy
 61947 | Tomb:3   | Noticed a greater mummy
 61954 | Tomb:3   | Killed a greater mummy
 61957 | Tomb:3   | Killed a greater mummy
 61961 | Tomb:3   | Noticed a greater mummy
 61975 | Tomb:3   | Killed a greater mummy
 61984 | Tomb:3   | Identified the +8 lajatang of Fywyck {freeze, *Rage rPois
                  | Int+5}
 62128 | Tomb:3   | Identified the ring of the Greedy {rF+ MP+9 Str+4}
 62167 | Tomb:3   | Noticed a greater mummy
 62176 | Tomb:3   | Killed a greater mummy
 62247 | Tomb:3   | Identified the +1 falchion "Newtslayer" {flame, Str+2}
 62248 | Tomb:3   | Identified the +6 battleaxe of Focus {venom, rC+ rN+ Int-4
                  | Dex+4}
 62421 | Tomb:3   | Noticed a greater mummy
 62426 | Tomb:3   | Killed a greater mummy
 62446 | Tomb:3   | Noticed a greater mummy
 62452 | Tomb:3   | Killed a greater mummy
 62542 | Tomb:3   | Noticed a greater mummy
 62548 | Tomb:3   | Killed a greater mummy
 62610 | Tomb:3   | Got a golden rune of Zot
 63014 | Hell     | Entered the Vestibule of Hell
 63014 | Hell     | Noticed Geryon
 63019 | Hell     | Killed Geryon
 63024 | Hell     | Noticed Murray
 63038 | Hell     | Killed Murray
 63207 | Hell     | Found a gateway to the decaying netherworld of Tartarus.
 63317 | Hell     | Found a gateway to the freezing wastes of Cocytus.
 63405 | Hell     | Found a gateway to the Iron City of Dis.
 63463 | Hell     | Found a gateway to the ashen valley of Gehenna.
 63546 | Geh:1    | Entered Level 1 of Gehenna
 63558 | Geh:2    | Entered Level 2 of Gehenna
 64226 | Geh:2    | Noticed the Serpent of Hell
 64230 | Geh:2    | Reached skill level 25 in Spellcasting
 64231 | Geh:2    | Killed the Serpent of Hell
 64612 | Geh:2    | Reached skill level 26 in Spellcasting
 64661 | Geh:2    | Identified Neptol's Catalogue of the Evil Snowflakes
 64661 | Geh:2    | Identified the +4 leather armour "Gell" {rC+ rN+}
 64992 | Geh:2    | Identified the +7 sceptre of Asmodeus
 64992 | Geh:2    | Noticed Asmodeus
 65000 | Geh:2    | Noticed Galewind's illusion
 65000 | Geh:2    | Killed Asmodeus
 65001 | Geh:2    | Reached skill level 27 in Spellcasting
 65001 | Geh:2    | Reached skill level 5 in Stealth
 65017 | Geh:2    | Got an obsidian rune of Zot
 65150 | Hell     | Learned a level 9 spell: Shatter
 65151 | Coc:1    | Entered Level 1 of Cocytus
 65162 | Coc:2    | Entered Level 2 of Cocytus
 65175 | Coc:2    | Reached skill level 1 in Earth Magic
 65365 | Coc:2    | Reached skill level 5 in Earth Magic
 66277 | Coc:2    | Noticed Antaeus
 66298 | Coc:2    | Killed Antaeus
 66299 | Coc:2    | Reached skill level 10 in Earth Magic
 66427 | Coc:2    | Got an icy rune of Zot
 66435 | Coc:2    | Identified the +0 glaive of the Forsaken Scars {holy,
                  | *Contam rElec rN+ Int+2}
 66628 | Tar:1    | Entered Level 1 of Tartarus
 66795 | Tar:2    | Entered Level 2 of Tartarus
 67266 | Tar:2    | Identified the +7 longbow "Lyeh" {elec, SInv}
 67268 | Tar:2    | Identified the +1 battleaxe "Xynwau" {freeze, rF+ MR+
                  | Str+2}
 67269 | Tar:2    | Identified the +7 spear of Conscience {pierce, Stlth+}
 67270 | Tar:2    | Identified the ring "Ilomn" {Ice +Blink}
 68169 | Tar:2    | Noticed Ereshkigal
 68174 | Tar:2    | Killed Ereshkigal
 68257 | Tar:2    | Got a bone rune of Zot
 68391 | Dis:1    | Entered Level 1 of the Iron City of Dis
 68406 | Dis:2    | Entered Level 2 of the Iron City of Dis
 68712 | Dis:2    | Reached skill level 15 in Earth Magic
 68966 | Dis:2    | Identified the +4 staff of Dispater
 68966 | Dis:2    | Noticed Dispater
 68968 | Dis:2    | Noticed an ancient lich
 69199 | Dis:2    | Killed an ancient lich
 69595 | Dis:2    | Got an iron rune of Zot
 69973 | Vaults:2 | You paid a toll of a +6 bardiche to enter a treasure trove
 69974 | Trove    | Entered a treasure trove
 69980 | Trove    | Found the +0 pair of hand wraps "Fists of Thunder" {elec,
                  | rElec Slay+2}
 69990 | Trove    | Identified the +3 buckler of Bad Feelings {+Blink rElec
                  | rCorr Str-4}
 70009 | Trove    | Identified the amulet "Kipnifao" {Regen rPois Str-2 Int+2
                  | Dex+4}
 70288 | Depths:3 | Noticed a juggernaut
 70294 | Depths:3 | Killed a juggernaut
 70416 | Depths:3 | Noticed Boris
 70421 | Depths:3 | Killed Boris
 70462 | Depths:3 | Identified the +3 mace of Xykk {speed, Dex+5}
 71287 | Depths:4 | Noticed a greater mummy
 71292 | Depths:4 | Killed a greater mummy
 72061 | Depths:4 | Noticed a greater mummy
 72064 | Depths:4 | Killed a greater mummy
 72218 | Depths:5 | Entered Level 5 of the Depths
 72586 | Depths:5 | Noticed a golden dragon
 72591 | Depths:5 | Killed a golden dragon
 72611 | Depths:5 | Found a gate to the Realm of Zot.
 72648 | Zot:1    | Entered Level 1 of the Realm of Zot
 72723 | Zot:1    | Noticed a golden dragon
 72731 | Zot:1    | Noticed a golden dragon
 72744 | Zot:1    | Killed a golden dragon
 73011 | Depths:5 | Found Uczouhin's Armour Shop.
 73190 | Depths:5 | Found Syrogg's Book Emporium.
 73190 | Depths:5 | Found a gateway to a ziggurat.
 73276 | Depths:5 | Found Huischok's Antique Weapon Boutique.
 73745 | Zot:1    | Killed a golden dragon
 73810 | Zot:1    | Noticed a golden dragon
 73814 | Zot:1    | Killed a golden dragon
 74373 | Zot:2    | Identified the cursed +0 chain mail of Duty {Int+2}
 74403 | Zot:2    | Reached skill level 15 in Ice Magic
 74897 | Zot:5    | Entered Level 5 of the Realm of Zot
 75325 | Zot:5    | Noticed a Killer Klown
 75328 | Zot:5    | Killed a Killer Klown
 75494 | Zot:5    | Identified the +0 cloak of Koqycoch {rElec rF+ Regen+} (You
                  | acquired it on level 5 of the Realm of Zot)
 75494 | Zot:5    | Identified the amulet "Wiwamir" {Gourm rPois rF+ SInv} (You
                  | acquired it on level 5 of the Realm of Zot)
 75570 | Zot:5    | Noticed an ancient lich
 75572 | Zot:5    | Killed an ancient lich
 75604 | Zot:5    | Noticed an orb of fire
 75608 | Zot:5    | Killed an orb of fire
 75620 | Zot:5    | Noticed a Killer Klown
 75623 | Zot:5    | Killed a Killer Klown
 75645 | Zot:5    | Noticed an orb of fire
 75651 | Zot:5    | Killed an orb of fire
 75711 | Zot:5    | Noticed a golden dragon
 75844 | Zot:5    | Noticed an orb of fire
 75845 | Zot:5    | Noticed an orb of fire
 75850 | Zot:5    | Killed an orb of fire
 75853 | Zot:5    | Killed an orb of fire
 75923 | Zot:5    | Noticed a Killer Klown
 75928 | Zot:5    | Killed a Killer Klown
 75954 | Zot:5    | Noticed a golden dragon
 75958 | Zot:5    | Killed a golden dragon
 75961 | Zot:5    | Noticed an orb of fire
 75962 | Zot:5    | Noticed an orb of fire
 75965 | Zot:5    | Killed an orb of fire
 75966 | Zot:5    | Noticed an orb of fire
 75967 | Zot:5    | Killed an orb of fire
 75979 | Zot:5    | Killed an orb of fire
 76081 | Zot:5    | Noticed an orb of fire
 76085 | Zot:5    | Killed an orb of fire
 76122 | Zot:5    | Noticed an ancient lich
 76129 | Zot:5    | Killed an ancient lich
 76133 | Zot:5    | Noticed a golden dragon
 76135 | Zot:5    | Killed a golden dragon
 76393 | Zot:5    | Noticed an orb of fire
 76398 | Zot:5    | Killed an orb of fire
 76589 | Zot:5    | Got the Orb of Zot
 76651 | Zot:4    | Noticed a Killer Klown
 76652 | Zot:4    | Killed a Killer Klown
 77127 | D:$      | Escaped with the Orb!

Skill      XL: |  1  2  3  4  5  6  7  8  9 10 11 12 13 14 15 16 17 18 19 20 21 22 23 24 25 26 27 |
---------------+----------------------------------------------------------------------------------+-----
Conjurations   | 6 8 9 10 11 13 14 16 17 19 20 21 23 | 23.0
Spellcasting   | 3 4 5 6 8 11 13 14 15 16 18 19 20 22 23 27 | 27.0
Dodging        | 3 4 5 10 14 15 24 | 24.0
Fighting       | 1 4 6 10 13 15 21 | 21.2
Air Magic      | 5 7 10 13 | 13.7
Ice Magic      | 8 13 14 21 | 21.9
Fire Magic     | 2 5 11 15 17 18 20 21 23 | 23.0
Shields        | 2 5 |  5.0
Charms         | 8 |  8.0
Necromancy     | 7 11 15 | 15.0
Transmutations | 6 9 15 | 15.0
Translocations | 14 | 14.0
Summonings     | 8 |  8.0
Armour         | 5 |  5.0
Stealth        | 5 |  5.7
Earth Magic    | 19 | 19.0
Unarmed Combat | |  0.3

Action                   |  1- 3 |  4- 6 |  7- 9 | 10-12 | 13-15 | 16-18 | 19-21 | 22-24 | 25-27 || total
-------------------------+-------+-------+-------+-------+-------+-------+-------+-------+-------++-------
Melee: Unarmed           |       |     3 |       |       |       |       |       |       |       ||     3
       Dagger            |       |       |     2 |    11 |     3 |       |       |       |       ||    16
       Staff             |       |       |       |       |    12 |     5 |       |     2 |   125 ||   144
 Cast: Magic Dart        |    43 |    88 |    22 |       |       |       |       |       |       ||   153
       Searing Ray       |     5 |    14 |     4 |     1 |       |       |       |       |       ||    24
       Iskenderun's Myst |       |     6 |   130 |   325 |   435 |    87 |     8 |     6 |    23 ||  1020
       Bolt of Cold      |       |       |       |    16 |   123 |    20 |     5 |    38 |    54 ||   256
       Freezing Cloud    |       |       |       |     2 |     5 |     1 |       |       |       ||     8
       Fireball          |       |       |       |       |     3 |   158 |   265 |   199 |   133 ||   758
       Bolt of Fire      |       |       |       |       |    32 |   153 |   124 |   117 |   266 ||   692
       Ignition          |       |       |       |       |     1 |    56 |    75 |    52 |   151 ||   335
       Icicle Burst      |       |       |       |       |       |    10 |    20 |    63 |  1303 ||  1396
       Fire Storm        |       |       |       |       |       |       |     6 |    22 |   136 ||   164
       Deflect Missiles  |       |       |       |       |       |       |       |     1 |     1 ||     2
       Iskenderun's Batt |       |       |       |       |       |       |       |     1 |       ||     1
       Glaciate          |       |       |       |       |       |       |       |       |   106 ||   106
       Aura of Abjuratio |       |       |       |       |       |       |       |       |    47 ||    47
       Shatter           |       |       |       |       |       |       |       |       |    14 ||    14
       Necromutation     |       |       |       |       |       |       |       |       |     4 ||     4
       Controlled Blink  |       |       |       |       |       |       |       |       |     3 ||     3
       Regeneration      |       |       |       |       |       |       |       |       |     1 ||     1
 Abil: End Transformatio |       |       |       |       |       |       |       |       |     2 ||     2
Evoke: Wand              |       |       |       |     7 |    25 |     2 |       |     1 |    21 ||    56
  Use: Scroll            |       |     3 |     2 |     4 |    10 |     7 |     2 |     2 |    24 ||    54
       Potion            |       |       |       |     2 |     2 |       |     2 |       |    19 ||    25
 Stab: Distracted        |       |       |       |       |       |       |       |       |     2 ||     2
       Sleeping          |       |       |       |       |       |       |       |       |     1 ||     1
  Eat: Chunk             |     2 |    10 |    17 |    25 |    41 |    15 |    12 |    24 |       ||   146
       Ration            |       |       |       |     1 |       |     9 |     6 |     3 |     9 ||    28
Armor: Robe              |       |     9 |     8 |    12 |    31 |    15 |     6 |     4 |       ||    85
       Leather armour    |       |       |       |       |       |       |       |     1 |   102 ||   103
Dodge: Dodged            |     3 |    26 |    39 |   106 |   337 |   165 |    69 |    87 |  1025 ||  1857
       Deflected         |       |       |       |       |       |       |       |    14 |    48 ||    62
Block: Other             |       |     8 |    10 |    14 |    11 |       |       |       |       ||    43
       Reflection        |       |       |     1 |     2 |       |       |       |       |       ||     3
       Buckler           |       |       |       |       |       |       |    11 |    74 |   599 ||   684
